River Frogs vs Harfangs
Created - December 25, 2020 at 19:41
Goals
|
| River Frogs |
0 |
3 |
1 |
4 |
| Harfangs |
1 |
1 |
4 |
6 |
|
Shots
|
| River Frogs |
8 |
16 |
9 |
33 |
| Harfangs |
9 |
12 |
20 |
41 |
|
1st period
1. Harfangs , Tyler Randell 17 (Michael Bournival 25, Tyler Brenner 21) at 9:05
Penalties :
Reid McNeill (BEA) for Hooking (Minor) at 15:51
2nd period
2. River Frogs , Christian Hanson 7 (Emerson Etem 17) at 0:12
3. River Frogs , Bobby Farnham 3 (Emerson Etem 18, Shea Theodore 17) at 0:28
4. Harfangs , Michael Bournival 16 (Tyler Randell 20, Tyler Brenner 22) at 8:34
5. River Frogs , Christian Hanson 8 (Shea Theodore 18, Emerson Etem 19) at 11:46 (PP)
Penalties :
Reid McNeill (BEA) for Holding (Minor) at 0:43, Blake Heinrich (BEA) for Hooking (Minor) at 11:34
3rd period
6. River Frogs , Bobby Farnham 4 (Nikita Zadorov 13, Emerson Etem 20) at 1:42 (PP)
7. Harfangs , Michael Bournival 17 (Tyler Brenner 23) at 6:06
8. Harfangs , Tyler Brenner 13 (Michael Bournival 26, Tyler Randell 21) at 6:40 (PP)
9. Harfangs , Jake Dotchin 3 (Erik Nystrom 6) at 15:03 (PP)
10. Harfangs , Tyler Brenner 14 (Tyler Randell 22, Blake Heinrich 4) at 19:40
Penalties :
Morgan Klimchuk (BEA) for Tripping (Minor) at 1:29, Mitch Marner (Lou) for Interference (Minor) at 2:25, Jared Knight (Lou) for Hooking (Minor) at 6:25, Joakim Nordstrom (Lou) for Hooking (Minor) at 14:32
Goalie Stats
Eric Comrie (Lou), 35 saves from 41 shots - (0.854), L, 2-4-2, 60:00 minutes
Ilya Sorokin (BEA), 29 saves from 33 shots - (0.879), W, 13-8-4, 60:00 minutes
Players Stats for River Frogs
Player Name G A P +/- PIM S H SB GA TA FO MP PP MP PK MP
------------------------------------------------------------------------------------
Aaron Ness 0 0 0 -2 0 2 3 1 2 0 0/0 19:10 1:40 0:56
Austin Watson 0 0 0 0 0 2 2 0 1 0 0/0 14:53 0:00 0:36
Beau Starrett 0 0 0 0 0 0 0 0 0 0 0/0 0:26 0:00 0:00
Bobby Farnham 2 0 2 -1 0 4 3 0 0 1 0/2 20:25 2:33 0:18
Christian Hanson 2 0 2 -1 0 5 1 2 1 1 17/29 21:44 2:33 1:44
David Kolomatis 0 0 0 -2 0 2 0 0 0 0 0/0 19:10 1:40 0:56
Dillon Heatherington 0 0 0 0 0 1 0 0 0 1 0/0 13:18 0:00 0:00
Emerson Etem 0 4 4 -1 0 4 1 0 1 0 2/6 24:42 2:21 1:44
Francis Perron 0 0 0 0 0 0 0 0 0 0 2/2 3:35 0:12 0:00
Jared Knight 0 0 0 -1 2 0 4 1 0 0 9/14 16:48 1:50 0:07
Joakim Nordstrom 0 0 0 0 2 1 1 0 0 0 0/0 6:37 0:00 0:43
Justin Florek 0 0 0 -1 0 2 3 0 0 2 1/2 17:16 1:50 0:18
Matt Grzelcyk 0 0 0 0 0 1 1 1 0 0 0/0 13:18 0:00 0:00
Maxim Mamin 0 0 0 0 0 1 0 0 0 0 1/2 5:55 0:00 0:00
Mitch Marner 0 0 0 -1 2 0 2 1 0 0 0/0 16:57 1:50 0:00
Nikita Zadorov 0 1 1 0 0 4 0 3 0 1 0/0 27:32 2:43 1:49
Richard Nejezchleb 0 0 0 0 0 0 1 1 1 0 0/0 13:58 0:00 0:00
Ryan Fitzgerald 0 0 0 0 0 1 3 1 0 0 3/5 13:58 0:00 0:00
Shea Theodore 0 2 2 0 0 3 0 1 0 1 0/0 27:30 2:43 1:49
Players Stats for Harfangs
Player Name G A P +/- PIM S H SB GA TA FO MP PP MP PK MP
------------------------------------------------------------------------------------
A.J. Greer 0 0 0 0 0 0 1 0 0 0 0/0 6:42 0:00 0:37
Blake Heinrich 0 1 1 2 2 0 0 2 0 0 0/0 20:19 1:09 1:45
David Kampf 0 0 0 0 0 0 1 1 0 0 1/5 12:51 0:00 0:14
Devon Teows 0 0 0 2 0 1 0 0 0 2 0/0 14:52 0:00 1:47
Erik Nystrom 0 1 1 0 0 1 2 1 0 0 0/1 17:08 1:06 0:00
Ivan Provorov 0 0 0 2 0 2 4 2 0 0 0/0 20:23 1:09 1:48
Jake Dotchin 1 0 1 -2 0 3 1 2 0 0 0/0 26:39 1:36 2:48
Lucas Wallmarkk 0 0 0 0 0 1 1 0 0 1 5/9 17:08 1:06 0:00
Michael Bournival 2 2 4 2 0 6 1 2 1 1 1/3 21:17 1:39 2:20
Morgan Klimchuk 0 0 0 0 2 2 0 1 0 0 0/0 12:36 0:00 0:00
Nick Sorensen 0 0 0 0 0 0 0 0 0 0 0/2 2:50 0:00 0:00
Reid McNeill 0 0 0 -2 4 1 3 2 0 2 0/0 24:32 1:36 0:25
Rinat Valiev 0 0 0 2 0 2 0 1 0 0 0/0 13:24 0:00 0:13
Ryan Hartman 0 0 0 0 0 5 4 0 2 0 0/0 13:21 0:00 0:00
Sven Andrighetto 0 0 0 0 0 3 0 0 1 0 0/0 7:26 0:00 1:02
Tomas Kubalik 0 0 0 0 0 4 2 0 0 0 0/0 18:38 1:06 1:09
Tyler Brenner 2 3 5 2 0 5 2 0 1 0 16/36 20:06 1:39 1:09
Tyler Randell 1 3 4 2 0 5 3 1 2 0 4/6 25:21 1:39 2:15
3 Stars
1 - Tyler Brenner (BEA)
2 - Michael Bournival (BEA)
3 - Tyler Randell (BEA)
Power Play
River Frogs - 2 on 4 Attempt(s) - 50.00%
Harfangs - 2 on 3 Attempt(s) - 66.67%
Penalty Kill
River Frogs - 1 on 3 Attempt(s) - 33.33%
- Score 0 goal in Penalty Kill
Harfangs - 2 on 4 Attempt(s) - 50.00%
- Score 0 goal in Penalty Kill
Team Stat
River Frogs - Hits : 25 - Faceoff Wins : 35 - Blocked Shots : 12 - Penalty Minutes : 6
Harfangs - Hits : 25 - Faceoff Wins : 27 - Blocked Shots : 15 - Penalty Minutes : 8
Official
Referees : Unknown
Linesman : Unknown
Game Notes
No Game Note
Finance
Level 1 -- Attendance: 1955 (97.75%) -- Ticket Income $66,470
Level 2 -- Attendance: 782 (78.20%) -- Ticket Income $14,858
Total Attendance: 2737 (91.23%)
Total Ticket Income: $81,328
Other Income: $4,066
Total Income: $85,394
River Frogs
5 vs 5 Forward
Center Left Wing Right Wing Time % Phy DF OF
1 Christian Hanson Emerson Etem Bobby Farnham 40 1 2 2
2 Jared Knight Justin Florek Mitch Marner 30 1 2 2
3 Ryan Fitzgerald Austin Watson Richard Nejezchleb 20 1 2 2
4 Maxim Mamin Joakim Nordstrom Emerson Etem 10 1 2 2
5 vs 5 Defense
Defense Defense Time % Phy DF OF
1 Nikita Zadorov Shea Theodore 40 1 2 2
2 Aaron Ness David Kolomatis 30 1 2 2
3 Dillon Heatherington Matt Grzelcyk 20 1 2 2
4 Nikita Zadorov Shea Theodore 10 1 2 2
PowerPlay Forward
Center Left Wing Right Wing Time % Phy DF OF
1 Christian Hanson Emerson Etem Bobby Farnham 60 1 2 2
2 Jared Knight Justin Florek Mitch Marner 40 1 2 2
PowerPlay Defense
Defense Defense Time % Phy DF OF
1 Nikita Zadorov Shea Theodore 60 1 2 2
2 Aaron Ness David Kolomatis 40 1 2 2
Penalty Kill 4 Players Forward
Center Wing Time % Phy DF OF
1 Emerson Etem Christian Hanson 60 1 2 2
2 Justin Florek Bobby Farnham 40 1 2 2
Penalty Kill 4 Players Defense
Defense Defense Time % Phy DF OF
1 Nikita Zadorov Shea Theodore 60 1 2 2
2 Aaron Ness David Kolomatis 40 1 2 2
Penalty Kill - 3 Players Forward
Forward Time % Phy DF OF
1 Emerson Etem 60 1 2 2
2 Christian Hanson 40 1 2 2
Penalty Kill - 3 Players Defense
Defense Defense Time % Phy DF OF
1 Nikita Zadorov Shea Theodore 60 1 2 2
2 Aaron Ness David Kolomatis 40 1 2 2
4 vs 4 Forward
Center Wing Time % Phy DF OF
1 Emerson Etem Christian Hanson 60 1 2 2
2 Justin Florek Bobby Farnham 40 1 2 2
4 vs 4 Defense
Defense Defense Time % Phy DF OF
1 Nikita Zadorov Shea Theodore 60 1 2 2
2 Aaron Ness David Kolomatis 40 1 2 2
Last Minutes Offensive
Center Left Wing Right Wing Defense Defense
Christian Hanson Emerson Etem Bobby Farnham Nikita Zadorov Shea Theodore
Last Minutes Defensive
Center Left Wing Right Wing Defense Defense
Christian Hanson Emerson Etem Bobby Farnham Nikita Zadorov Shea Theodore
Goaltenders
Starting : Eric Comrie
Backup : Thomas Greiss
Extra Forwards
Normal : Francis Perron, Beau Starrett, Austin Watson - PP : Francis Perron, Beau Starrett - PK : Austin Watson
Extra Defensemen
Normal : Dillon Heatherington, Matt Grzelcyk, Aaron Ness - PP : Dillon Heatherington - PK : Matt Grzelcyk, Aaron Ness
Penalty Shots
Emerson Etem, Christian Hanson, Justin Florek, Bobby Farnham, Mitch Marner
Scratches
Andrew Gordon (Healthy), Dominik Simon (Sprained Right Finger Injury), Morgan Rielly (Healthy), Cameron Hughes (Healthy), Timothy Kunes (Healthy)
Ondrej Kase (Healthy), Matt Calvert (Healthy), Phoenix Copley (Healthy)
Harfangs
5 vs 5 Forward
Center Left Wing Right Wing Time % Phy DF OF
1 Tyler Brenner Michael Bournival Tyler Randell 40 1 2 2
2 Lucas Wallmarkk Erik Nystrom Tomas Kubalik 30 1 2 2
3 David Kampf Morgan Klimchuk Ryan Hartman 20 1 2 2
4 Tyler Randell A.J. Greer Sven Andrighetto 10 1 2 2
5 vs 5 Defense
Defense Defense Time % Phy DF OF
1 Reid McNeill Jake Dotchin 40 1 2 2
2 Ivan Provorov Blake Heinrich 30 1 2 2
3 Rinat Valiev Devon Teows 20 1 2 2
4 Reid McNeill Jake Dotchin 10 1 2 2
PowerPlay Forward
Center Left Wing Right Wing Time % Phy DF OF
1 Tyler Brenner Michael Bournival Tyler Randell 60 1 2 2
2 Lucas Wallmarkk Erik Nystrom Tomas Kubalik 40 1 2 2
PowerPlay Defense
Defense Defense Time % Phy DF OF
1 Reid McNeill Jake Dotchin 60 1 2 2
2 Ivan Provorov Blake Heinrich 40 1 2 2
Penalty Kill 4 Players Forward
Center Wing Time % Phy DF OF
1 Tyler Randell Michael Bournival 60 1 2 2
2 Tyler Brenner Tomas Kubalik 40 1 2 2
Penalty Kill 4 Players Defense
Defense Defense Time % Phy DF OF
1 Reid McNeill Jake Dotchin 60 1 2 2
2 Ivan Provorov Blake Heinrich 40 1 2 2
Penalty Kill - 3 Players Forward
Forward Time % Phy DF OF
1 Tyler Randell 60 1 2 2
2 Michael Bournival 40 1 2 2
Penalty Kill - 3 Players Defense
Defense Defense Time % Phy DF OF
1 Reid McNeill Jake Dotchin 60 1 2 2
2 Ivan Provorov Blake Heinrich 40 1 2 2
4 vs 4 Forward
Center Wing Time % Phy DF OF
1 Tyler Randell Michael Bournival 60 1 2 2
2 Tyler Brenner Tomas Kubalik 40 1 2 2
4 vs 4 Defense
Defense Defense Time % Phy DF OF
1 Reid McNeill Jake Dotchin 60 1 2 2
2 Ivan Provorov Blake Heinrich 40 1 2 2
Last Minutes Offensive
Center Left Wing Right Wing Defense Defense
Tyler Brenner Michael Bournival Tyler Randell Reid McNeill Jake Dotchin
Last Minutes Defensive
Center Left Wing Right Wing Defense Defense
Tyler Brenner Michael Bournival Tyler Randell Reid McNeill Jake Dotchin
Goaltenders
Starting : Ilya Sorokin
Backup : Zachary Fucale
Extra Forwards
Normal : Nick Sorensen, Ryan Hartman, Sven Andrighetto - PP : Nick Sorensen, Ryan Hartman - PK : Sven Andrighetto
Extra Defensemen
Normal : Rinat Valiev, Devon Teows, Ivan Provorov - PP : Rinat Valiev - PK : Devon Teows, Ivan Provorov
Penalty Shots
Tyler Randell, Michael Bournival, Tyler Brenner, Tomas Kubalik, Ryan Hartman
Scratches
Cristoval Nieves (Healthy), Calle Jarnkrok (Healthy), Nick Shore (Healthy), JC Lipon (Healthy), Brenden Kichton (Healthy)
Cooper Marody (Healthy), Laurent Dauphin (Healthy), Mark Alt (Healthy), Brendan Leipsic (Healthy), Brandon McMillan (Healthy)
Justin Kirkland (Healthy), Victor Bartley (Healthy), Anthony Angello (Healthy), Anton Forsberg (Healthy), Jason Kasdorf (Healthy)
Scott Wedgewood (Healthy)
% Time on Ice - River Frogs
Lines # - Real PCT - Wanted PCT - Time Play
Normal Forward
1 - 32% - 40% - 16:54
2 - 29% - 30% - 15:15
3 - 27% - 20% - 13:58
4 - 11% - 10% - 5:55
Normal Defense
1 - 36% - 40% - 18:57
2 - 32% - 30% - 16:32
3 - 26% - 20% - 13:18
4 - 6% - 10% - 3:15
PP Forward
1 - 58% - 60% - 2:33
2 - 42% - 40% - 1:50
PP Defense
1 - 62% - 60% - 2:43
2 - 38% - 40% - 1:40
PK Forward
1 - 89% - 60% - 2:27
2 - 11% - 40% - 0:18
PK Defense
1 - 66% - 60% - 1:49
2 - 34% - 40% - 0:56
PK3 Forward
1 - 0% - 60%
2 - 0% - 40%
PK3 Defense
1 - 0% - 60%
2 - 0% - 40%
44 Forward
1 - 0% - 60%
2 - 0% - 40%
44 Defense
1 - 0% - 60%
2 - 0% - 40%
Last Minute Offensive - 0:50
Last Minute Defensive - 0:00
Total
Forward - 60:00
Defense - 60:00
|
% Time on Ice - Harfangs
Lines # - Real PCT - Wanted PCT - Time Play
Normal Forward
1 - 32% - 40% - 16:43
2 - 32% - 30% - 16:33
3 - 24% - 20% - 12:37
4 - 12% - 10% - 6:05
Normal Defense
1 - 39% - 40% - 20:22
2 - 31% - 30% - 16:20
3 - 25% - 20% - 13:05
4 - 4% - 10% - 2:11
PP Forward
1 - 60% - 60% - 1:39
2 - 40% - 40% - 1:06
PP Defense
1 - 58% - 60% - 1:36
2 - 42% - 40% - 1:09
PK Forward
1 - 74% - 60% - 3:14
2 - 26% - 40% - 1:09
PK Defense
1 - 78% - 60% - 3:26
2 - 22% - 40% - 0:57
PK3 Forward
1 - 0% - 60%
2 - 0% - 40%
PK3 Defense
1 - 0% - 60%
2 - 0% - 40%
44 Forward
1 - 0% - 60%
2 - 0% - 40%
44 Defense
1 - 0% - 60%
2 - 0% - 40%
Last Minute Offensive - 0:00
Last Minute Defensive - 0:54
Total
Forward - 60:00
Defense - 60:00
|
Play-by-Play
1st period
0:01 of 1st period - Christian Hanson wins face-off versus Tyler Brenner in neutral zone.
0:15 of 1st period - Slapshot by Michael Bournival.
0:15 of 1st period - Shot Blocked by Nikita Zadorov.
0:29 of 1st period - Off-side.
0:30 of 1st period - Lucas Wallmarkk wins face-off versus Jared Knight in neutral zone.
1:01 of 1st period - Snap shot by Aaron Ness.
1:01 of 1st period - Deflect By Ryan Fitzgerald.
1:01 of 1st period - Stopped by Ilya Sorokin without a rebound.
1:02 of 1st period - Tyler Randell wins face-off versus Ryan Fitzgerald in Harfangs zone.
1:27 of 1st period - Devon Teows is hit by Matt Grzelcyk and loses puck.
1:32 of 1st period - Snap shot by Shea Theodore.
1:32 of 1st period - Shot Misses the Net.
1:52 of 1st period - Devon Teows is hit by Ryan Fitzgerald and loses puck.
2:13 of 1st period - Wrist shot by Tyler Randell.
2:13 of 1st period - Shot Blocked by Ryan Fitzgerald.
2:15 of 1st period - Snap shot by A.J. Greer.
2:15 of 1st period - Shot Misses the Net.
2:17 of 1st period - Slapshot by Rinat Valiev.
2:17 of 1st period - Shot Blocked by Aaron Ness.
3:07 of 1st period - Wrist shot by Austin Watson.
3:07 of 1st period - Shot Blocked by Tyler Randell.
3:15 of 1st period - Slapshot by Tyler Randell.
3:15 of 1st period - Shot Misses the Net.
3:17 of 1st period - Snap shot by Rinat Valiev.
3:17 of 1st period - Shot Misses the Net.
3:19 of 1st period - Slapshot by A.J. Greer.
3:19 of 1st period - Shot Misses the Net.
3:21 of 1st period - Slapshot by Sven Andrighetto.
3:21 of 1st period - Stopped by Eric Comrie with a rebound.
3:31 of 1st period - Snap shot by Sven Andrighetto.
3:31 of 1st period - Stopped by Eric Comrie with a rebound.
3:33 of 1st period - Slapshot by Rinat Valiev.
3:33 of 1st period - Deflect By Aaron Ness.
3:33 of 1st period - Stopped by Eric Comrie with a rebound.
3:35 of 1st period - Slapshot by Devon Teows.
3:35 of 1st period - Stopped by Eric Comrie with a rebound.
3:37 of 1st period - Slapshot by Devon Teows.
3:37 of 1st period - Deflect By Sven Andrighetto.
3:37 of 1st period - Stopped by Eric Comrie without a rebound.
3:38 of 1st period - Lucas Wallmarkk wins face-off versus Christian Hanson in River Frogs zone.
3:52 of 1st period - Snap shot by Lucas Wallmarkk.
3:52 of 1st period - Shot Misses the Net.
3:54 of 1st period - Wrist shot by Erik Nystrom.
3:54 of 1st period - Shot Misses the Net.
4:01 of 1st period - Icing by Shea Theodore.
4:02 of 1st period - Jared Knight wins face-off versus David Kampf in River Frogs zone.
4:28 of 1st period - Dillon Heatherington is hit by Erik Nystrom and loses puck.
5:42 of 1st period - Icing by Shea Theodore.
5:43 of 1st period - Christian Hanson wins face-off versus Michael Bournival in River Frogs zone.
5:48 of 1st period - Snap shot by Christian Hanson.
5:48 of 1st period - Shot Misses the Net.
5:50 of 1st period - Snap shot by David Kolomatis.
5:50 of 1st period - Shot Blocked by Blake Heinrich.
6:00 of 1st period - Wrist shot by Christian Hanson.
6:00 of 1st period - Stopped by Ilya Sorokin with a rebound.
6:07 of 1st period - Snap shot by Bobby Farnham.
6:07 of 1st period - Shot Blocked by Ivan Provorov.
6:09 of 1st period - Slapshot by Aaron Ness.
6:09 of 1st period - Shot Misses the Net.
6:11 of 1st period - Slapshot by David Kolomatis.
6:11 of 1st period - Deflect By Michael Bournival.
6:11 of 1st period - Stopped by Ilya Sorokin with a rebound.
6:13 of 1st period - Snap shot by Bobby Farnham.
6:13 of 1st period - Shot Blocked by Blake Heinrich.
6:15 of 1st period - Snap shot by Christian Hanson.
6:15 of 1st period - Stopped by Ilya Sorokin without a rebound.
6:16 of 1st period - Jared Knight wins face-off versus Lucas Wallmarkk in Harfangs zone.
6:24 of 1st period - Slapshot by Mitch Marner.
6:24 of 1st period - Deflect By Justin Florek.
6:24 of 1st period - Stopped by Ilya Sorokin without a rebound.
6:25 of 1st period - Jared Knight wins face-off versus Erik Nystrom in Harfangs zone.
6:55 of 1st period - Icing by Shea Theodore.
6:56 of 1st period - Jared Knight wins face-off versus Tyler Brenner in River Frogs zone.
7:07 of 1st period - Snap shot by Tyler Randell.
7:07 of 1st period - Stopped by Eric Comrie with a rebound.
8:42 of 1st period - Snap shot by Emerson Etem.
8:42 of 1st period - Shot Misses the Net.
8:44 of 1st period - Snap shot by Maxim Mamin.
8:44 of 1st period - Shot Misses the Net.
8:58 of 1st period - Snap shot by Joakim Nordstrom.
8:58 of 1st period - Deflect By Emerson Etem.
8:58 of 1st period - Shot Misses the Net.
8:58 of 1st period - Puck is out of play.
8:59 of 1st period - Tyler Brenner wins face-off versus Justin Florek in Harfangs zone.
8:59 of 1st period - Tyler Brenner is hit by Justin Florek.
9:05 of 1st period - Wrist shot by Tyler Randell.
9:05 of 1st period - Goal by Tyler Randell - River Frogs : 0 - Harfangs : 1.
9:06 of 1st period - Jared Knight wins face-off versus Tyler Brenner in neutral zone.
9:22 of 1st period - Snap shot by Michael Bournival.
9:22 of 1st period - Shot Misses the Net.
9:44 of 1st period - Wrist shot by Shea Theodore.
9:44 of 1st period - Shot Blocked by Jake Dotchin.
9:56 of 1st period - Snap shot by Erik Nystrom.
9:56 of 1st period - Shot Misses the Net.
10:10 of 1st period - Jake Dotchin is hit by Joakim Nordstrom and loses puck.
10:41 of 1st period - Wrist shot by Austin Watson.
10:41 of 1st period - Stopped by Ilya Sorokin without a rebound.
10:42 of 1st period - Ryan Fitzgerald wins face-off versus David Kampf in Harfangs zone.
10:47 of 1st period - Snap shot by Austin Watson.
10:47 of 1st period - Stopped by Ilya Sorokin without a rebound.
10:48 of 1st period - Tyler Randell wins face-off versus Christian Hanson in Harfangs zone.
10:59 of 1st period - Snap shot by Michael Bournival.
10:59 of 1st period - Shot Blocked by Nikita Zadorov.
12:12 of 1st period - Jared Knight is hit by Tomas Kubalik and loses puck.
12:29 of 1st period - Justin Florek is hit by Ryan Hartman.
12:45 of 1st period - Wrist shot by Tyler Brenner.
12:45 of 1st period - Shot Misses the Net.
12:57 of 1st period - Austin Watson is hit by Tyler Randell and loses puck.
13:28 of 1st period - Off-side.
13:29 of 1st period - Christian Hanson wins face-off versus Michael Bournival in neutral zone.
14:33 of 1st period - Justin Florek is hit by Ivan Provorov and loses puck.
15:15 of 1st period - Morgan Klimchuk is hit by Jared Knight and loses puck.
15:51 of 1st period - Minor Penalty to Reid McNeill for Hooking.
15:52 of 1st period - Tyler Randell wins face-off versus Jared Knight in Harfangs zone.
16:00 of 1st period - Wrist shot by Michael Bournival.
16:00 of 1st period - Shot Blocked by Jared Knight.
16:10 of 1st period - Michael Bournival is hit by Emerson Etem and loses puck.
16:15 of 1st period - Slapshot by Christian Hanson.
16:15 of 1st period - Stopped by Ilya Sorokin with a rebound.
16:35 of 1st period - Jake Dotchin is hit by Jared Knight and loses puck.
17:18 of 1st period - Christian Hanson is hit by Jake Dotchin and loses puck.
17:51 of 1st period - Penalty to Reid McNeill is over, Reid McNeill is back on ice.
17:56 of 1st period - Snap shot by Tomas Kubalik.
17:56 of 1st period - Stopped by Eric Comrie without a rebound.
17:57 of 1st period - Ryan Fitzgerald wins face-off versus David Kampf in River Frogs zone.
17:57 of 1st period - Ryan Fitzgerald is hit by Ryan Hartman.
18:27 of 1st period - Dillon Heatherington is hit by Reid McNeill and loses puck.
18:46 of 1st period - Wrist shot by Lucas Wallmarkk.
18:46 of 1st period - Stopped by Eric Comrie with a rebound.
19:05 of 1st period - Blake Heinrich is hit by Bobby Farnham and loses puck.
19:35 of 1st period - Lucas Wallmarkk is hit by Justin Florek and loses puck.
Goals for this period are 0 for River Frogs vs 1 for Harfangs.
Shots for this period are 8 for River Frogs vs 9 for Harfangs.
2nd period
0:01 of 2nd period - Christian Hanson wins face-off versus Tyler Brenner in neutral zone.
0:12 of 2nd period - Wrist shot by Christian Hanson.
0:12 of 2nd period - Goal by Christian Hanson - River Frogs : 1 - Harfangs : 1.
0:13 of 2nd period - Christian Hanson wins face-off versus Tyler Brenner in neutral zone.
0:18 of 2nd period - Snap shot by Emerson Etem.
0:18 of 2nd period - Stopped by Ilya Sorokin with a rebound.
0:20 of 2nd period - Slapshot by Nikita Zadorov.
0:20 of 2nd period - Stopped by Ilya Sorokin with a rebound.
0:22 of 2nd period - Wrist shot by Bobby Farnham.
0:22 of 2nd period - Stopped by Ilya Sorokin with a rebound.
0:26 of 2nd period - Snap shot by Emerson Etem.
0:26 of 2nd period - Stopped by Ilya Sorokin with a rebound.
0:28 of 2nd period - Snap shot by Bobby Farnham.
0:28 of 2nd period - Goal by Bobby Farnham - River Frogs : 2 - Harfangs : 1.
0:29 of 2nd period - Christian Hanson wins face-off versus Tyler Brenner in neutral zone.
0:32 of 2nd period - Backhand shot by Shea Theodore.
0:32 of 2nd period - Deflect By Tyler Randell.
0:32 of 2nd period - Stopped by Ilya Sorokin without a rebound.
0:33 of 2nd period - Christian Hanson wins face-off versus Tyler Brenner in Harfangs zone.
0:43 of 2nd period - Minor Penalty to Reid McNeill for Holding.
0:44 of 2nd period - Tyler Randell wins face-off versus Emerson Etem in Harfangs zone.
0:59 of 2nd period - Snap shot by Michael Bournival.
0:59 of 2nd period - Shot Misses the Net.
1:11 of 2nd period - Jake Dotchin is hit by Mitch Marner and loses puck.
2:25 of 2nd period - Justin Florek is hit by A.J. Greer and loses puck.
2:43 of 2nd period - Penalty to Reid McNeill is over, Reid McNeill is back on ice.
3:36 of 2nd period - Justin Florek is hit by Ryan Hartman and loses puck.
3:51 of 2nd period - Sven Andrighetto is hit by Austin Watson and loses puck.
5:27 of 2nd period - Austin Watson is hit by Erik Nystrom.
5:49 of 2nd period - Aaron Ness is hit by Ivan Provorov and loses puck.
5:54 of 2nd period - Slapshot by Tyler Brenner.
5:54 of 2nd period - Shot Misses the Net.
6:04 of 2nd period - Christian Hanson is hit by Ryan Hartman and loses puck.
6:32 of 2nd period - Slapshot by Nikita Zadorov.
6:32 of 2nd period - Stopped by Ilya Sorokin without a rebound.
6:33 of 2nd period - David Kampf wins face-off versus Ryan Fitzgerald in Harfangs zone.
6:33 of 2nd period - David Kampf is hit by Richard Nejezchleb.
7:06 of 2nd period - Slapshot by Nikita Zadorov.
7:06 of 2nd period - Stopped by Ilya Sorokin with a rebound.
7:28 of 2nd period - Wrist shot by Maxim Mamin.
7:28 of 2nd period - Stopped by Ilya Sorokin without a rebound.
7:29 of 2nd period - Tyler Brenner wins face-off versus Maxim Mamin in Harfangs zone.
8:11 of 2nd period - Erik Nystrom is hit by Mitch Marner.
8:25 of 2nd period - Slapshot by Morgan Klimchuk.
8:25 of 2nd period - Stopped by Eric Comrie with a rebound.
8:30 of 2nd period - Off-side.
8:31 of 2nd period - Tyler Brenner wins face-off versus Christian Hanson in neutral zone.
8:34 of 2nd period - Wrist shot by Michael Bournival.
8:34 of 2nd period - Goal by Michael Bournival - River Frogs : 2 - Harfangs : 2.
8:35 of 2nd period - Tyler Brenner wins face-off versus Christian Hanson in neutral zone.
8:42 of 2nd period - Bobby Farnham is hit by Tyler Brenner and loses puck.
9:12 of 2nd period - Off-side.
9:13 of 2nd period - Jared Knight wins face-off versus Tyler Brenner in neutral zone.
9:26 of 2nd period - Slapshot by Aaron Ness.
9:26 of 2nd period - Deflect By Tyler Brenner.
9:26 of 2nd period - Stopped by Ilya Sorokin with a rebound.
9:28 of 2nd period - Slapshot by Aaron Ness.
9:28 of 2nd period - Shot Misses the Net.
9:46 of 2nd period - Wrist shot by Erik Nystrom.
9:46 of 2nd period - Shot Misses the Net.
10:02 of 2nd period - Jake Dotchin is hit by Ryan Fitzgerald and loses puck.
10:21 of 2nd period - Snap shot by Tyler Brenner.
10:21 of 2nd period - Shot Blocked by Matt Grzelcyk.
10:23 of 2nd period - Wrist shot by Tyler Randell.
10:23 of 2nd period - Stopped by Eric Comrie with a rebound.
11:07 of 2nd period - Dillon Heatherington is hit by Reid McNeill and loses puck.
11:26 of 2nd period - Snap shot by Jared Knight.
11:26 of 2nd period - Shot Blocked by Erik Nystrom.
11:34 of 2nd period - Minor Penalty to Blake Heinrich for Hooking.
11:35 of 2nd period - Christian Hanson wins face-off versus Tyler Randell in Harfangs zone.
11:46 of 2nd period - Snap shot by Christian Hanson.
11:46 of 2nd period - Goal by Christian Hanson - River Frogs : 3 - Harfangs : 2.
11:47 of 2nd period - Tyler Brenner wins face-off versus Bobby Farnham in neutral zone.
12:12 of 2nd period - Jake Dotchin is hit by Jared Knight and loses puck.
12:35 of 2nd period - Blake Heinrich is hit by Austin Watson and loses puck.
12:58 of 2nd period - Slapshot by Ivan Provorov.
12:58 of 2nd period - Stopped by Eric Comrie with a rebound.
13:00 of 2nd period - Snap shot by Tyler Randell.
13:00 of 2nd period - Stopped by Eric Comrie with a rebound.
13:02 of 2nd period - Wrist shot by Tyler Randell.
13:02 of 2nd period - Stopped by Eric Comrie without a rebound.
13:03 of 2nd period - Christian Hanson wins face-off versus Tyler Brenner in River Frogs zone.
13:10 of 2nd period - Snap shot by Emerson Etem.
13:10 of 2nd period - Stopped by Ilya Sorokin without a rebound.
13:11 of 2nd period - Christian Hanson wins face-off versus Tyler Brenner in Harfangs zone.
13:21 of 2nd period - Icing by Reid McNeill.
13:22 of 2nd period - Michael Bournival wins face-off versus Bobby Farnham in Harfangs zone.
13:28 of 2nd period - Icing by Shea Theodore.
13:29 of 2nd period - Christian Hanson wins face-off versus Tyler Brenner in River Frogs zone.
13:55 of 2nd period - Jared Knight is hit by Lucas Wallmarkk and loses puck.
14:04 of 2nd period - Wrist shot by Lucas Wallmarkk.
14:04 of 2nd period - Shot Misses the Net.
14:06 of 2nd period - Slapshot by Blake Heinrich.
14:06 of 2nd period - Shot Blocked by Mitch Marner.
14:08 of 2nd period - Snap shot by Tomas Kubalik.
14:08 of 2nd period - Stopped by Eric Comrie with a rebound.
14:43 of 2nd period - Wrist shot by Emerson Etem.
14:43 of 2nd period - Stopped by Ilya Sorokin without a rebound.
14:44 of 2nd period - Lucas Wallmarkk wins face-off versus Christian Hanson in Harfangs zone.
15:11 of 2nd period - Snap shot by Mitch Marner.
15:11 of 2nd period - Shot Misses the Net.
15:13 of 2nd period - Slapshot by Dillon Heatherington.
15:13 of 2nd period - Deflect By Reid McNeill.
15:13 of 2nd period - Stopped by Ilya Sorokin without a rebound.
15:14 of 2nd period - Tyler Brenner wins face-off versus Jared Knight in Harfangs zone.
15:20 of 2nd period - Off-side.
15:21 of 2nd period - Jared Knight wins face-off versus Tyler Brenner in neutral zone.
15:28 of 2nd period - Aaron Ness is hit by Michael Bournival and loses puck.
15:47 of 2nd period - Slapshot by Ivan Provorov.
15:47 of 2nd period - Deflect By Aaron Ness.
15:47 of 2nd period - Stopped by Eric Comrie without a rebound.
15:48 of 2nd period - Christian Hanson wins face-off versus Lucas Wallmarkk in River Frogs zone.
16:45 of 2nd period - Wrist shot by Ryan Hartman.
16:45 of 2nd period - Stopped by Eric Comrie without a rebound.
16:46 of 2nd period - Lucas Wallmarkk wins face-off versus Christian Hanson in River Frogs zone.
16:55 of 2nd period - Snap shot by Tomas Kubalik.
16:55 of 2nd period - Stopped by Eric Comrie with a rebound.
17:01 of 2nd period - Wrist shot by Emerson Etem.
17:01 of 2nd period - Shot Misses the Net.
17:54 of 2nd period - Off-side.
17:55 of 2nd period - Christian Hanson wins face-off versus Lucas Wallmarkk in neutral zone.
18:15 of 2nd period - Slapshot by Erik Nystrom.
18:15 of 2nd period - Stopped by Eric Comrie without a rebound.
18:16 of 2nd period - Tyler Brenner wins face-off versus Jared Knight in River Frogs zone.
18:25 of 2nd period - Slapshot by Michael Bournival.
18:25 of 2nd period - Stopped by Eric Comrie with a rebound.
18:41 of 2nd period - Reid McNeill is hit by Bobby Farnham and loses puck.
19:18 of 2nd period - Shea Theodore is hit by David Kampf and loses puck.
19:28 of 2nd period - Off-side.
19:29 of 2nd period - Maxim Mamin wins face-off versus Tyler Brenner in neutral zone.
19:36 of 2nd period - Wrist shot by Joakim Nordstrom.
19:36 of 2nd period - Stopped by Ilya Sorokin without a rebound.
19:37 of 2nd period - Christian Hanson wins face-off versus Tyler Brenner in Harfangs zone.
Goals for this period are 3 for River Frogs vs 1 for Harfangs.
Shots for this period are 16 for River Frogs vs 12 for Harfangs.
3rd period
0:01 of 3rd period - Tyler Brenner wins face-off versus Christian Hanson in neutral zone.
0:13 of 3rd period - Wrist shot by Tyler Brenner.
0:13 of 3rd period - Shot Misses the Net.
0:27 of 3rd period - Justin Florek is hit by Reid McNeill and loses puck.
0:34 of 3rd period - Wrist shot by Tomas Kubalik.
0:34 of 3rd period - Stopped by Eric Comrie without a rebound.
0:35 of 3rd period - Jared Knight wins face-off versus Tyler Brenner in River Frogs zone.
1:13 of 3rd period - Lucas Wallmarkk is hit by Aaron Ness and loses puck.
1:29 of 3rd period - Minor Penalty to Morgan Klimchuk for Tripping.
1:30 of 3rd period - Christian Hanson wins face-off versus Tyler Randell in Harfangs zone.
1:30 of 3rd period - Wrist shot by Emerson Etem.
1:30 of 3rd period - Shot Blocked by Reid McNeill.
1:32 of 3rd period - Wrist shot by Nikita Zadorov.
1:32 of 3rd period - Stopped by Ilya Sorokin with a rebound.
1:34 of 3rd period - Snap shot by Shea Theodore.
1:34 of 3rd period - Shot Blocked by Michael Bournival.
1:36 of 3rd period - Slapshot by Emerson Etem.
1:36 of 3rd period - Shot Misses the Net.
1:38 of 3rd period - Wrist shot by Bobby Farnham.
1:38 of 3rd period - Stopped by Ilya Sorokin with a rebound.
1:40 of 3rd period - Snap shot by Nikita Zadorov.
1:40 of 3rd period - Shot Misses the Net.
1:42 of 3rd period - Backhand shot by Bobby Farnham.
1:42 of 3rd period - Goal by Bobby Farnham - River Frogs : 4 - Harfangs : 2.
1:43 of 3rd period - Tyler Brenner wins face-off versus Emerson Etem in neutral zone.
1:49 of 3rd period - Icing by Shea Theodore.
1:50 of 3rd period - Emerson Etem wins face-off versus Tyler Brenner in River Frogs zone.
1:57 of 3rd period - Snap shot by Christian Hanson.
1:57 of 3rd period - Shot Misses the Net.
1:59 of 3rd period - Wrist shot by Emerson Etem.
1:59 of 3rd period - Shot Blocked by Jake Dotchin.
2:01 of 3rd period - Snap shot by Emerson Etem.
2:01 of 3rd period - Shot Blocked by Michael Bournival.
2:03 of 3rd period - Wrist shot by Nikita Zadorov.
2:03 of 3rd period - Shot Misses the Net.
2:05 of 3rd period - Snap shot by Christian Hanson.
2:05 of 3rd period - Deflect By Tyler Randell.
2:05 of 3rd period - Shot Blocked by Reid McNeill.
2:05 of 3rd period - Puck is out of play.
2:06 of 3rd period - Lucas Wallmarkk wins face-off versus Jared Knight in Harfangs zone.
2:12 of 3rd period - Icing by Jake Dotchin.
2:13 of 3rd period - Justin Florek wins face-off versus Lucas Wallmarkk in Harfangs zone.
2:25 of 3rd period - Minor Penalty to Mitch Marner for Interference.
2:26 of 3rd period - Tyler Brenner wins face-off versus Emerson Etem in River Frogs zone.
4:25 of 3rd period - Penalty to Mitch Marner is over, Mitch Marner is back on ice.
4:40 of 3rd period - Icing by David Kampf.
4:41 of 3rd period - Ryan Fitzgerald wins face-off versus David Kampf in Harfangs zone.
4:48 of 3rd period - Snap shot by Ryan Hartman.
4:48 of 3rd period - Stopped by Eric Comrie with a rebound.
4:50 of 3rd period - Slapshot by Devon Teows.
4:50 of 3rd period - Deflect By Ryan Hartman.
4:50 of 3rd period - Stopped by Eric Comrie with a rebound.
4:52 of 3rd period - Slapshot by Devon Teows.
4:52 of 3rd period - Shot Misses the Net.
4:54 of 3rd period - Slapshot by Rinat Valiev.
4:54 of 3rd period - Stopped by Eric Comrie with a rebound.
5:05 of 3rd period - Off-side.
5:06 of 3rd period - Christian Hanson wins face-off versus Tyler Brenner in neutral zone.
5:21 of 3rd period - Snap shot by Michael Bournival.
5:21 of 3rd period - Stopped by Eric Comrie with a rebound.
5:33 of 3rd period - Ivan Provorov is hit by Justin Florek and loses puck.
5:40 of 3rd period - Slapshot by Jake Dotchin.
5:40 of 3rd period - Stopped by Eric Comrie with a rebound.
5:52 of 3rd period - Snap shot by Morgan Klimchuk.
5:52 of 3rd period - Shot Blocked by Richard Nejezchleb.
5:54 of 3rd period - Wrist shot by Morgan Klimchuk.
5:54 of 3rd period - Stopped by Eric Comrie with a rebound.
5:56 of 3rd period - Slapshot by Reid McNeill.
5:56 of 3rd period - Stopped by Eric Comrie without a rebound.
5:57 of 3rd period - Tyler Brenner wins face-off versus Christian Hanson in River Frogs zone.
6:00 of 3rd period - Wrist shot by Tyler Brenner.
6:00 of 3rd period - Stopped by Eric Comrie without a rebound.
6:01 of 3rd period - Tyler Brenner wins face-off versus Christian Hanson in River Frogs zone.
6:06 of 3rd period - Snap shot by Michael Bournival.
6:06 of 3rd period - Goal by Michael Bournival - River Frogs : 4 - Harfangs : 3.
6:07 of 3rd period - Tyler Brenner wins face-off versus Christian Hanson in neutral zone.
6:13 of 3rd period - Snap shot by Michael Bournival.
6:13 of 3rd period - Shot Misses the Net.
6:15 of 3rd period - Slapshot by Jake Dotchin.
6:15 of 3rd period - Deflect By Bobby Farnham.
6:15 of 3rd period - Stopped by Eric Comrie with a rebound.
6:17 of 3rd period - Slapshot by Reid McNeill.
6:17 of 3rd period - Shot Blocked by Christian Hanson.
6:19 of 3rd period - Wrist shot by Tyler Brenner.
6:19 of 3rd period - Stopped by Eric Comrie with a rebound.
6:21 of 3rd period - Snap shot by Michael Bournival.
6:21 of 3rd period - Stopped by Eric Comrie without a rebound.
6:22 of 3rd period - Jared Knight wins face-off versus Tyler Brenner in River Frogs zone.
6:22 of 3rd period - Jared Knight is hit by Tyler Brenner.
6:25 of 3rd period - Minor Penalty to Jared Knight for Hooking.
6:26 of 3rd period - Tyler Brenner wins face-off versus Emerson Etem in River Frogs zone.
6:26 of 3rd period - Backhand shot by Michael Bournival.
6:26 of 3rd period - Stopped by Eric Comrie with a rebound.
6:28 of 3rd period - Slapshot by Reid McNeill.
6:28 of 3rd period - Shot Blocked by Christian Hanson.
6:40 of 3rd period - Snap shot by Tyler Brenner.
6:40 of 3rd period - Goal by Tyler Brenner - River Frogs : 4 - Harfangs : 4.
6:41 of 3rd period - Christian Hanson wins face-off versus Tyler Brenner in neutral zone.
6:44 of 3rd period - Michael Bournival is hit by Bobby Farnham and loses puck.
6:55 of 3rd period - Wrist shot by Bobby Farnham.
6:55 of 3rd period - Shot Misses the Net.
6:57 of 3rd period - Slapshot by Shea Theodore.
6:57 of 3rd period - Stopped by Ilya Sorokin with a rebound.
7:34 of 3rd period - Slapshot by Ryan Hartman.
7:34 of 3rd period - Stopped by Eric Comrie without a rebound.
7:35 of 3rd period - Tyler Brenner wins face-off versus Christian Hanson in River Frogs zone.
7:36 of 3rd period - Snap shot by Tyler Randell.
7:36 of 3rd period - Deflect By Tyler Brenner.
7:36 of 3rd period - Stopped by Eric Comrie with a rebound.
8:02 of 3rd period - Justin Florek is hit by Ivan Provorov and loses puck.
8:47 of 3rd period - Slapshot by Shea Theodore.
8:47 of 3rd period - Stopped by Ilya Sorokin with a rebound.
8:49 of 3rd period - Slapshot by Nikita Zadorov.
8:49 of 3rd period - Shot Misses the Net.
8:51 of 3rd period - Slapshot by Maxim Mamin.
8:51 of 3rd period - Shot Misses the Net.
9:37 of 3rd period - Wrist shot by Mitch Marner.
9:37 of 3rd period - Shot Blocked by Rinat Valiev.
9:39 of 3rd period - Snap shot by Justin Florek.
9:39 of 3rd period - Stopped by Ilya Sorokin with a rebound.
9:41 of 3rd period - Snap shot by Justin Florek.
9:41 of 3rd period - Shot Blocked by Morgan Klimchuk.
9:43 of 3rd period - Slapshot by Matt Grzelcyk.
9:43 of 3rd period - Shot Blocked by David Kampf.
9:45 of 3rd period - Wrist shot by Matt Grzelcyk.
9:45 of 3rd period - Deflect By Ryan Hartman.
9:45 of 3rd period - Stopped by Ilya Sorokin with a rebound.
10:51 of 3rd period - Wrist shot by Morgan Klimchuk.
10:51 of 3rd period - Shot Misses the Net.
10:53 of 3rd period - Slapshot by David Kampf.
10:53 of 3rd period - Shot Misses the Net.
10:55 of 3rd period - Slapshot by Ryan Hartman.
10:55 of 3rd period - Stopped by Eric Comrie with a rebound.
11:07 of 3rd period - Bobby Farnham is hit by Tyler Randell and loses puck.
11:48 of 3rd period - Slapshot by A.J. Greer.
11:48 of 3rd period - Shot Misses the Net.
11:50 of 3rd period - Slapshot by Devon Teows.
11:50 of 3rd period - Shot Blocked by Shea Theodore.
12:06 of 3rd period - Lucas Wallmarkk is hit by Aaron Ness.
13:20 of 3rd period - Reid McNeill is hit by Jared Knight and loses puck.
13:33 of 3rd period - Snap shot by Ryan Fitzgerald.
13:33 of 3rd period - Shot Misses the Net.
14:32 of 3rd period - Minor Penalty to Joakim Nordstrom for Hooking.
14:33 of 3rd period - Emerson Etem wins face-off versus Tyler Brenner in River Frogs zone.
14:46 of 3rd period - Blake Heinrich is hit by Christian Hanson and loses puck.
15:03 of 3rd period - Slapshot by Jake Dotchin.
15:03 of 3rd period - Goal by Jake Dotchin - River Frogs : 4 - Harfangs : 5.
15:04 of 3rd period - Tyler Brenner wins face-off versus Christian Hanson in neutral zone.
15:07 of 3rd period - Shea Theodore is hit by Tyler Randell and loses puck.
16:12 of 3rd period - Aaron Ness is hit by Tomas Kubalik and loses puck.
17:06 of 3rd period - Slapshot by Shea Theodore.
17:06 of 3rd period - Shot Blocked by Ivan Provorov.
17:14 of 3rd period - Morgan Klimchuk is hit by Ryan Fitzgerald and loses puck.
18:38 of 3rd period - Ryan Hartman is hit by Aaron Ness and loses puck.
18:57 of 3rd period - Christian Hanson is hit by Ivan Provorov and loses puck.
19:32 of 3rd period - Snap shot by Tyler Randell.
19:32 of 3rd period - Shot Blocked by Nikita Zadorov.
19:40 of 3rd period - Snap shot by Tyler Brenner.
19:40 of 3rd period - Goal by Tyler Brenner - River Frogs : 4 - Harfangs : 6.
19:41 of 3rd period - Francis Perron wins face-off versus Nick Sorensen in neutral zone.
19:46 of 3rd period - Slapshot by Aaron Ness.
19:46 of 3rd period - Deflect By Reid McNeill.
19:46 of 3rd period - Stopped by Ilya Sorokin without a rebound.
19:47 of 3rd period - Francis Perron wins face-off versus Nick Sorensen in Harfangs zone.
19:58 of 3rd period - Slapshot by David Kolomatis.
19:58 of 3rd period - Stopped by Ilya Sorokin with a rebound.
Goals for this period are 1 for River Frogs vs 4 for Harfangs.
Shots for this period are 9 for River Frogs vs 20 for Harfangs.